 Dungeon Crawl Stone Soup version 0.29.1-15-g9cfb28693d (webtiles) character file.

Game seed: 7302895684127871955

17720 devnull the Spear-Bearer (level 12, -2/92 HPs)
             Began as a Merfolk Gladiator on Mar 8, 2023.
             Was a Believer of Zin.
             Hit by a silver javelin thrown by a minotaur (32 damage)
             ... in a Gauntlet on Mar 9, 2023.
             The game lasted 00:53:29 (13373 turns).

devnull the Spear-Bearer (Merfolk Gladiator)       Turns: 13373, Time: 00:53:29

Health: -2/92      AC:  7    Str: 21    XL:     12   Next: 51%
Magic:  15/15      EV: 19    Int:  9    God:    Zin [**....]
Gold:   287        SH:  0    Dex: 20    Spells: 8/11 levels left

rFire   . . .      SeeInvis .   a - +8 trident (flame)
rCold   . . .      Faith    .   n - orb {light}
rNeg    . . .      Spirit   .   d - +0 troll leather armour
rPois   ∞          Reflect  .   c - +0 helmet
rElec   .          Harm     .   (no cloak)
rCorr   .          Rampage  .   P - +1 pair of gloves "Catodgh" {rPois Will+ Dex+2}
Will    +....      NoTele   +   (no boots)
Stlth   +.........              F - amulet of the acrobat
HPRegen 1.05/turn               E - ring of flight
MPRegen 0.14/turn               (no ring)

@: vitalised, flying, hasted (expiring), glowing, studying Ranged Weapons, very
quick
A: (nimble swimmer 2), mertail
a: Renounce Religion, Recite, Vitalisation, Donate Gold


You were in a Gauntlet.
You worshipped Zin.
Zin was pleased with you.
You visited 2 branches of the dungeon, and saw 12 of its levels.
You also visited: Ossuary and Gauntlet.

You collected 898 gold pieces.
You spent 580 gold pieces at shops.
You donated 31 gold pieces to Zin.

Inventory:

Hand Weapons
 a - a +8 trident of flaming (weapon)
 b - the +12 falchion of Rotation {vorpal, Fly rF- rN++ SInv}
   (You found it on level 9 of the Dungeon)

   It inflicts extra damage upon your enemies.
   rF:        It makes you vulnerable to fire.
   rN:        It greatly protects you from negative energy.
   SInv:      It lets you see invisible.
   Fly:       It grants you flight.
 C - a +0 scimitar of flaming
 N - a +1 trident
Missiles
 e - a javelin
 q - a throwing net
 y - 9 poisoned darts (quivered)
 G - 9 curare-tipped darts
Armour
 c - a +0 helmet (worn)
 d - a +0 troll leather armour (worn)
 n - an orb of light (worn)
 s - a +3 ring mail of poison resistance
 t - a +0 leather armour
 M - a +0 kite shield
 P - the +1 pair of gloves "Catodgh" (worn) {rPois Will+ Dex+2}
   (You found it in a Gauntlet)

   Dex:       It affects your dexterity (+2).
   rPois:     It protects you from poison.
   Will:      It increases your willpower.
Jewellery
 l - a ring of magical power
 E - a ring of flight (left hand)
 F - an amulet of the acrobat (around neck)
 H - an amulet of regeneration
 L - a ring of magical power
 O - a ring of protection from fire
Wands
 i - a wand of charming (8)
 w - a wand of flame (11)
 Q - a wand of light (4)
Scrolls
 f - a scroll of fear
 g - a scroll of blinking
 o - 4 scrolls of teleportation
 p - 2 scrolls of amnesia
 v - 4 scrolls of butterflies
 A - 2 scrolls of magic mapping
 B - a scroll of enchant weapon
 D - a scroll of brand weapon
 I - 2 scrolls of poison
Potions
 h - a potion of haste
 j - a potion of flight
 k - 3 potions of brilliance
 m - a potion of ambrosia {unknown}
 r - 4 potions of attraction
 u - 3 potions of mutation {unknown}
 x - 4 potions of resistance
 z - 3 potions of magic {unknown}
 J - a potion of invisibility {unknown}
 K - 2 potions of might {unknown}


   Skills:
 - Level 8.0 Fighting
 - Level 6.9 Long Blades
 - Level 14.0 Polearms
 - Level 2.0 Throwing
 - Level 10.4 Dodging
 - Level 10.0 Shields
 - Level 8.0 Ice Magic
 + Level 4.3 Invocations


You had 8 spell levels left.
You knew the following spells:

 Your Spells              Type           Power      Damage    Failure   Level
a - Ozocubu's Armour      Ice            14%        N/A       5%          3

Your spell library contained the following spells:

 Spells                   Type           Power      Damage    Failure   Level
 Foxfire                  Conj/Fire      0%         2x1d4     43%         1
 Slow                     Hex            0%         N/A       43%         1
 Confusing Touch          Hex            0%         N/A       80%         3
 Conjure Flame            Conj/Fire      0%         6-21      80%         3
 Gell's Gravitas          Tloc           0%         N/A       80%         3
 Ignite Poison            Fire/Tmut/Pois 0%         N/A       80%         3
 Inner Flame              Hex/Fire       0%         N/A       80%         3
 Lesser Beckoning         Tloc           0%         N/A       80%         3
 Teleport Other           Tloc           0%         N/A       80%         3
 Tukima's Dance           Hex            0%         N/A       80%         3
 Vampiric Draining        Necr           0%         2d6       80%         3
 Flame Wave               Conj/Fire      0%         2d4       99%         4
 Passage of Golubria      Tloc           0%         N/A       99%         4
 Sticky Flame             Conj/Fire      0%         2d3       99%         4
 Iskenderun's Battlesphe  Conj           0%         2d6       100%        5
 Silence                  Hex/Air        0%         N/A       100%        5
 Yara's Violent Unravell  Hex/Tmut       0%         3d3       100%        5
 Iron Shot                Conj/Erth      0%         9d1       100%        6
 Ozocubu's Refrigeration  Ice            7%         4d9       100%        7
 Spellforged Servitor     Conj/Summ      0%         N/A       100%        7
 Lehudib's Crystal Spear  Conj/Erth      0%         10d2      100%        8


Dungeon Overview and Level Annotations

Branches:
Dungeon (11/15)            Temple (1/1) D:7            Lair (0/5) D:11
    Orc (0/2) D:11        Ossuary (visited)         Gauntlet (1/1)

Altars:
Ashenzari
Cheibriados
Dithmenos
Elyvilon
Fedhas
Gozag
Hepliaklqana
Kikubaaqudgha
Makhleb
Nemelex Xobeh
Okawaru
Qazlal
Ru
Sif Muna
Trog
Uskayaw
Vehumet
Wu Jian
Xom
Yredelemnul
Zin
The Shining One

Shops:
D:2 *   D:4 [(*:(   D:9 =   D:11 *

Portals:
Abyss: D:8

Annotations:
D:8 2 transporters, leafyfresh's ghost, novice OpDe Gauntlet 12 transporters


Innate Abilities, Weirdness & Mutations

((You are very nimble when in or above water. (Stealth+, EV+, Speed+++)))
Your lower body shifts to a powerful aquatic tail in water.


Message History

Press: ? - help, Dir - move target, f/p - minotaur
Aim: a minotaur, wielding a +1 vorpal great mace, wearing a +2 plate armour of fire resistance, wearing the amulet of Xom's Fair Game {Reflect rF++ SH+5} and quivering silver javelins (severely wounded, reflecting blocked projectiles, haloed, about 5% to evade your +8 trident of flaming)
You reach to attack!
You hit the minotaur.
The minotaur is severely wounded.
Reach: a) +8 trident (flame)
Press: ? - help, Dir - move target, f/p - minotaur
Aim: a minotaur, wielding a +1 vorpal great mace, wearing a +2 plate armour of fire resistance, wearing the amulet of Xom's Fair Game {Reflect rF++ SH+5} and quivering silver javelins (severely wounded, reflecting blocked projectiles, haloed, about 5% to evade your +8 trident of flaming)
You reach to attack!
The minotaur blocks your attack.
The minotaur is severely wounded.
Reach: a) +8 trident (flame)
Press: ? - help, Dir - move target, f/p - minotaur
Aim: a minotaur, wielding a +1 vorpal great mace, wearing a +2 plate armour of fire resistance, wearing the amulet of Xom's Fair Game {Reflect rF++ SH+5} and quivering silver javelins (severely wounded, reflecting blocked projectiles, haloed, about 5% to evade your +8 trident of flaming)
You reach to attack!
You hit the minotaur but do no damage.
The minotaur is severely wounded.
Reach: a) +8 trident (flame)
Press: ? - help, Dir - move target, f/p - minotaur
Aim: a minotaur, wielding a +1 vorpal great mace, wearing a +2 plate armour of fire resistance, wearing the amulet of Xom's Fair Game {Reflect rF++ SH+5} and quivering silver javelins (severely wounded, reflecting blocked projectiles, haloed, about 5% to evade your +8 trident of flaming)
You reach to attack!
You hit the minotaur but do no damage.
The minotaur is severely wounded.
The minotaur throws a silver javelin.
The silver javelin completely misses you.
Reach: a) +8 trident (flame)
Press: ? - help, Dir - move target, f/p - minotaur
Aim: a minotaur, wielding a +1 vorpal great mace, wearing a +2 plate armour of fire resistance, wearing the amulet of Xom's Fair Game {Reflect rF++ SH+5} and quivering silver javelins (severely wounded, reflecting blocked projectiles, haloed, about 5% to evade your +8 trident of flaming)
You reach to attack!
You hit the minotaur but do no damage.
The minotaur is severely wounded.
Your extra speed is starting to run out.
Reach: a) +8 trident (flame)
Press: ? - help, Dir - move target, f/p - minotaur
Aim: a minotaur, wielding a +1 vorpal great mace, wearing a +2 plate armour of fire resistance, wearing the amulet of Xom's Fair Game {Reflect rF++ SH+5} and quivering silver javelins (severely wounded, reflecting blocked projectiles, haloed, about 5% to evade your +8 trident of flaming)
You reach to attack!
The minotaur blocks your attack.
The minotaur is severely wounded.
Reach: a) +8 trident (flame)
Press: ? - help, Dir - move target, f/p - minotaur
Aim: a minotaur, wielding a +1 vorpal great mace, wearing a +2 plate armour of fire resistance, wearing the amulet of Xom's Fair Game {Reflect rF++ SH+5} and quivering silver javelins (severely wounded, reflecting blocked projectiles, haloed, about 5% to evade your +8 trident of flaming)
You reach to attack!
You puncture the minotaur!
The minotaur is almost dead.
The minotaur throws a silver javelin.
The silver javelin pierces through you!!
You die...

#############
#.........☼§#
#.#########H#
##.#.......#☼##
#....# #§@# #.##.#
##§# #.#..# #§#
#.#.## #☼# #.#. #☼#
#.#. #§#
#.###########§#
#.#.........§§#
#########.#########


You could see a minotaur (reflecting).

Vanquished Creatures
  A boulder beetle (D:10)
  A hydra (D:11)
  Erica (D:8)
  A sixfirhy (Gauntlet)
  A skeletal warrior (D:10)
  A wizard (D:11)
  Pikel (D:8)
  An obsidian statue (Gauntlet)
  A cyclops (D:11)
  2 manticores
  An ugly thing (D:8)
  A moth of wrath (Gauntlet)
  An unseen horror (D:10)
  Psyche (D:8)
  3 trolls (D:10)
  3 polar bears (D:9)
  2 shadows (D:10)
  2 vampires
  2 wyverns (D:10)
  A wraith (D:9)
  28 yaks
  A steam dragon (D:5)
  A vampire mosquito (D:10)
  Menkaure (D:4)
  2 ice beasts (D:9)
  3 orc warriors
  3 sky beasts
  A black bear (D:6)
  7 wolves
  4 centaurs
  A phantom (D:4)
  A kobold brigand (D:9)
  3 bullfrogs
  A gnoll sergeant (D:6)
  3 scorpions
  A water moccasin zombie (Ossuary)
  7 wights
  10 killer bees
  A bullfrog zombie (Ossuary)
  4 centaur zombies (Ossuary)
  5 hounds
  2 gnoll boudas
  3 orc priests
  A human zombie (Ossuary)
  2 jellies
  2 scorpion zombies (Ossuary)
  Natasha (thrice) (D:3)
  2 iguanas
  8 orc wizards
  21 gnolls
  8 adders
  2 shadow imps
  6 white imps
  A howler monkey simulacrum (D:9)
  3 ufetubi
  An adder zombie (Ossuary)
  2 worms
  5 dart slugs
  32 orcs
  4 endoplasms
  4 giant cockroaches
  A gnoll zombie (Ossuary)
  8 goblins
  12 hobgoblins
  6 quokkas
  5 ball pythons
  8 bats
  4 frilled lizards
  8 goblin zombies (Ossuary)
  2 hobgoblin zombies (Ossuary)
  10 kobolds
  6 orc zombies (Ossuary)
  2 rats
300 creatures vanquished.

Vanquished Creatures (others)
  7 fungi (Gauntlet)
  11 plants (Gauntlet)
18 creatures vanquished.

Grand Total: 318 creatures vanquished

Notes
Turn   | Place    | Note
-------+----------+-------------------------------------------
     0 | D:1      | devnull the Merfolk Gladiator began the quest for the Orb.
     0 | D:1      | Reached XP level 1. HP: 16/16 MP: 1/1
   105 | D:1      | Reached XP level 2. HP: 22/22 MP: 2/2
   201 | D:1      | Reached skill level 5 in Polearms
   322 | D:1      | Reached XP level 3. HP: 24/27 MP: 3/3
   800 | D:2      | Found a faded altar of an unknown god.
   868 | D:2      | Reached skill level 6 in Polearms
  1008 | D:2      | Reached XP level 4. HP: 32/33 MP: 4/4
  1063 | D:2      | Found Biejell's Assorted Antiques.
  2079 | D:2      | Reached skill level 7 in Polearms
  2415 | D:3      | Found a stormy altar of Qazlal.
  2422 | D:3      | Noticed Natasha
  2434 | D:3      | Killed Natasha
  2435 | D:3      | Reached XP level 5. HP: 29/38 MP: 5/5
  2566 | D:3      | Reached skill level 8 in Polearms
  2782 | D:3      | Identified the +2 trident of Nemelex Xobeh's Esteem {drain,
                  | +Blink rElec rF- Dex-2}
  2889 | D:3      | Noticed Natasha
  2892 | D:3      | Killed Natasha
  2929 | D:3      | Noticed Natasha
  2937 | D:3      | Killed Natasha
  2938 | D:3      | Reached skill level 5 in Dodging
  2938 | D:3      | Reached XP level 6. HP: 44/44 MP: 6/6
  3113 | D:3      | Found a bloodstained altar of Trog.
  3396 | D:4      | Found Ytuogh's Book Boutique.
  3433 | D:4      | Found a sand-covered staircase.
  3443 | Ossuary  | Entered an ossuary
  3694 | Ossuary  | Reached XP level 7. HP: 36/50 MP: 7/7
  4049 | Ossuary  | Noticed a silent spectre
  4208 | D:4      | Reached skill level 9 in Polearms
  4318 | D:4      | Noticed Menkaure
  4325 | D:4      | Killed Menkaure
  4380 | D:4      | Reached skill level 10 in Polearms
  4380 | D:4      | Reached XP level 8. HP: 56/56 MP: 8/8
  4385 | D:4      | Found Demet's Antique Weapon Boutique.
  4478 | D:4      | Found Ygesu's General Store.
  4486 | D:4      | Bought a scroll of enchant weapon for 97 gold pieces
  4486 | D:4      | Bought a potion of degeneration for 13 gold pieces
  4486 | D:4      | Bought a scroll of identify for 26 gold pieces
  4486 | D:4      | Bought a potion of heal wounds for 65 gold pieces
  4486 | D:4      | Bought a potion of curing for 39 gold pieces
  4568 | D:4      | Found Verogh's Armour Boutique.
  4767 | D:4      | Found Catsar's Antique Weapon Boutique.
  5240 | D:5      | Entered Level 5 of the Dungeon
  5435 | D:5      | Found an iron altar of Okawaru.
  5440 | D:5      | Reached skill level 11 in Polearms
  5653 | D:5      | Learned a level 3 spell: Ozocubu's Armour
  5670 | D:5      | Reached skill level 1 in Ice Magic
  6095 | D:6      | Found a hazy altar of Hepliaklqana.
  6096 | D:6      | Found a shimmering altar of Xom.
  6097 | D:6      | Noticed a spectral ugly thing
  6327 | D:6      | Found a glowing silver altar of Zin.
  6490 | D:6      | Reached XP level 9. HP: 61/61 MP: 9/9
  6514 | D:6      | You fall into a shaft and drop 1 floor!
  6514 | D:7      | Found a sacrificial altar of Ru.
  6514 | D:7      | Found a basalt altar of Yredelemnul.
  6577 | D:8      | Reached skill level 5 in Ice Magic
  6735 | D:6      | Reached skill level 12 in Polearms
  7149 | D:6      | Reached skill level 5 in Fighting
  7189 | D:7      | Found a staircase to the Ecumenical Temple.
  7507 | D:7      | Reached skill level 10 in Dodging
  7534 | Temple   | Entered the Ecumenical Temple
  7809 | D:7      | Found a burning altar of Makhleb.
  8210 | D:8      | Found a one-way gate to the infinite horrors of the Abyss.
  8210 | D:8      | Noticed leafyfresh's ghost (novice OpDe)
  8217 | D:8      | Noticed Pikel
  8241 | D:8      | Killed Pikel
  8242 | D:8      | Reached skill level 13 in Polearms
  8242 | D:8      | Reached XP level 10. HP: 65/74 MP: 6/10
  8364 | D:8      | Noticed Erica
  8387 | D:8      | Noticed Psyche
  8404 | D:8      | Killed Erica
  8405 | D:8      | Reached skill level 14 in Polearms
  8411 | D:8      | Killed Psyche
  8459 | D:8      | Found a transporter.
  8459 | D:8      | Found a transporter.
  8694 | D:8      | Noticed a cyan ugly thing
  8728 | D:8      | Killed a cyan ugly thing
  9123 | D:9      | Identified the +12 falchion of Rotation {vorpal, Fly rF-
                  | rN++ SInv}
  9213 | D:9      | Reached skill level 1 in Long Blades
  9323 | D:9      | Reached XP level 11. HP: 66/86 MP: 11/11
  9438 | D:9      | Reached skill level 5 in Long Blades
  9451 | D:9      | Found a blossoming altar of Fedhas.
  9709 | D:9      | Found Souducs's Jewellery Emporium.
  9831 | D:4      | Bought a +4 trident of protection for 340 gold pieces
  9908 | D:6      | Became a worshipper of Zin the Law-Giver
 10005 | D:9      | Reached * piety under Zin
 10326 | D:10     | Entered Level 10 of the Dungeon
 10426 | D:10     | Reached ** piety under Zin
 10502 | D:10     | Noticed a manticore
 10514 | D:10     | Noticed a boulder beetle
 11384 | D:10     | Reached skill level 1 in Shields
 11643 | D:10     | Noticed a skeletal warrior
 11661 | D:10     | Killed a skeletal warrior
 11662 | D:10     | Reached skill level 5 in Shields
 11822 | D:10     | Killed a boulder beetle
 12005 | D:10     | Killed a manticore
 12006 | D:10     | Reached XP level 12. HP: 51/92 MP: 10/12
 12211 | D:10     | Reached *** piety under Zin
 12301 | D:11     | Noticed a four-headed hydra
 12311 | D:11     | Killed a four-headed hydra
 12479 | D:11     | Identified the +0 chain mail "Korauplo" {Rampage rC+ SInv}
 12496 | D:11     | Found Weenn's Fire Supplies.
 12591 | D:11     | Found a staircase to the Orcish Mines.
 12605 | D:11     | Found a gate leading to a gauntlet.
 12630 | Gauntlet | Entered a Gauntlet
 12630 | Gauntlet | Found a transporter.
 12643 | Gauntlet | Found a transporter.
 12654 | Gauntlet | Found a transporter.
 12659 | Gauntlet | Found a transporter.
 12676 | Gauntlet | Found a transporter.
 12695 | Gauntlet | Found a transporter.
 12706 | Gauntlet | Found the ring of the Hare {EV+8}
 12707 | Gauntlet | Found a transporter.
 12715 | Gauntlet | Noticed a death yak
 12716 | Gauntlet | Noticed a death yak
 12717 | Gauntlet | Noticed a death yak
 12718 | Gauntlet | Noticed a death yak
 12718 | Gauntlet | Noticed a death yak
 12718 | Gauntlet | Noticed a death yak
 12719 | Gauntlet | Found a transporter.
 12728 | Gauntlet | Noticed a hell hog
 12731 | Gauntlet | Found a transporter.
 12743 | Gauntlet | Found a transporter.
 12749 | Gauntlet | Found a transporter.
 12749 | Gauntlet | Found a transporter.
 12788 | Gauntlet | Found a transporter.
 12815 | Gauntlet | Found a transporter.
 12815 | Gauntlet | Found a transporter.
 12835 | Gauntlet | Found a transporter.
 12931 | Gauntlet | Found a transporter.
 12931 | Gauntlet | Found a transporter.
 13076 | Gauntlet | Reached skill level 10 in Shields
 13076 | Gauntlet | Reached skill level 1 in Invocations
 13253 | Gauntlet | Identified the +1 pair of gloves "Catodgh" {rPois Will+
                  | Dex+2}
 13307 | Gauntlet | Identified the amulet of Xom's Fair Game {Reflect rF++
                  | SH+5}
 13307 | Gauntlet | Noticed a minotaur
 13373 | Gauntlet | Hit by a silver javelin thrown by a minotaur

Illustrated notes

Levels and vault maps discovered:
D:1:      dpeg_arrival_boxorama, layout_rooms, chequers_arboretum,
          kennysheep_decorative_pillar
D:2:      layout_basic, ebering_ecumenical_altar_webs, serial_shops,
          nicolae_shop_trees
D:3:      layout_loops_corners, nicolae_qazlal_general_emergency,
          trog_butcher_becter, uniq_natasha
D:4:      layout_basic, nicolae_ossuary_entry_monument, serial_shops,
          nicolae_shop_stone, nicolae_shop_hallway_stairs,
          nicolae_stop_n_shop_2, shop, nicolae_shop_hallway_stairs,
          uniq_menkaure
D:5:      layout_rooms, okawaru_metal_pillars_3, serial_rivers,
          chequers_serial_rivers_micro_c, chequers_serial_rivers_small_3,
          chequers_serial_rivers_small_a, chequers_serial_rivers_room_a,
          chequers_serial_rivers_micro_a, chequers_serial_rivers_small_a
D:6:      layout_basic, regret_index_temple_of_mockery, zin_scriptorium,
          minmay_misc_feat_tiny
D:7:      layout_rooms, nicolae_overflow_hidden_temple,
          mainiacjoe_overflow_alcove_4, minmay_temple_entry_offerings,
          nicolae_elevator_lobby_plus
D:8:      layout_loops_cross, gammafunk_ghost_abyssal_escape,
          reono_crystal_passage, minmay_manual_monolith, uniq_pikel,
          uniq_psyche, uniq_erica
D:9:      layout_loops_ring, overflow_temple_1_default, serial_ice,
          serial_ice_d, serial_ice_j, serial_ice_o, serial_ice_f,
          minmay_shop_enchanted_jewellery, minmay_misc_feat_plants
D:10:     cheibrodos_fzero, layout_irregular_city, kennysheep_generic_room_13
D:11:     layout_roguey, david_lair_generic, david_orc_2,
          gauntlet_entry_generic, nicolae_shop_fire_sale
          [nicolae_sub_dead_trees]
Temple:   nicolae_temple_slightly_damp_pantheon
Gauntlet: gammafunk_gauntlet_one_two_three [gammafunk_gauntlet_arena_crates,
          gammafunk_gauntlet_arena_chambers, gammafunk_gauntlet_arena_mazey,
          gammafunk_gauntlet_arena_grid, gammafunk_gauntlet_arena_arrow_garden,
          nicolae_gauntlet_arena_grate_2, nicolae_gauntlet_swirl,
          nicolae_gauntlet_arena_blocks, nicolae_gauntlet_arena_t_cross,
          dreamdust_gauntlet_exit_labyrinth]

Skill      XL: |  1  2  3  4  5  6  7  8  9 10 11 12 |
---------------+-------------------------------------+-----
Polearms       | 5 6 7 8 10 11 13 14 | 14.0
Dodging        | 5 7 8 10 | 10.4
Ice Magic      | 4 6 8 |  8.0
Fighting       | 5 8 |  8.0
Long Blades    | 3 6 |  6.9
Shields        | 8 10 | 10.0
Invocations    | 4 |  4.3
Throwing       | |  2.0

Action                   |  1- 3 |  4- 6 |  7- 9 | 10-12 || total
-------------------------+-------+-------+-------+-------++-------
Melee: Trident           |   107 |   193 |   302 |   533 ||  1135
       Falchion          |       |       |       |    24 ||    24
Throw: Throwing net      |       |     1 |     2 |     2 ||     5
       Dart              |       |       |       |    14 ||    14
 Cast: Ozocubu's Armour  |       |       |     7 |    17 ||    24
Invok: Vitalisation      |       |       |       |     5 ||     5
Evoke: Wand              |       |       |       |     1 ||     1
  Use: Scroll            |       |     5 |     8 |    15 ||    28
       Potion            |       |       |     1 |     4 ||     5
 Stab: Held in net/web   |       |       |     1 |       ||     1
       Distracted        |       |       |     1 |       ||     1
Armor: Leather armour    |     3 |       |       |       ||     3
       Ring mail         |    24 |    61 |    25 |       ||   110
       Steam dragon scal |       |       |    30 |    47 ||    77
       Troll leather arm |       |       |       |    26 ||    26
Dodge: Dodged            |    51 |   123 |   175 |   333 ||   682
